 Dungeon Crawl Stone Soup version 0.28-a0-1506-g3893175d92 (webtiles) character file.

Game seed: 14672877812396408265

1575 shadowrider38 the Covert (level 8, -1/76 HPs)
             Began as a Naga Delver on Jan 13, 2022.
             Was a Believer of Okawaru.
             Slain by an orc warrior (15 damage)
             ... on level 6 of the Dungeon.
             The game lasted 00:30:10 (10077 turns).

shadowrider38 the Covert (Naga Delver)             Turns: 10077, Time: 00:30:11

Health: -1/76      AC:  5    Str: 14    XL:     8   Next: 91%
Magic:  12/12      EV: 10    Int: 11    God:    Okawaru [**....]
Gold:   183        SH:  0    Dex: 15    Spells: 5/12 levels left

rFire   . . .      SeeInvis +   a - +3 broad axe (venom)
rCold   . . .      Faith    .   (no shield)
rNeg    . . .      Spirit   .   x - +0 leather armour
rPois   +          Reflect  .   v - +0 helmet
rElec   .          Harm     .   (no cloak)
rCorr   .          Rampage  .   (no gloves)
Will    ++...                   (no barding)
Stlth   ++++......              q - amulet of regeneration
HPRegen 1.02/turn               C - ring of willpower
MPRegen 0.13/turn               (no ring)

@: very slow
A: AC +2, large, see invisible, deformed body, poison resistance, slowness 2,
spit poison 1, naga tail 1
a: Spit Poison, Renounce Religion, Heroism


You were on level 6 of the Dungeon.
You worshipped Okawaru.
Okawaru was pleased with you.
You visited 2 branches of the dungeon, and saw 8 of its levels.

You collected 183 gold pieces.

Inventory:

Hand Weapons
 a - a +3 broad axe of venom (weapon)
 b - a +0 hand crossbow
 f - a +2 short sword of speed
Missiles
 k - 185 stones
 l - 5 atropa-tipped darts
 s - 8 poisoned darts
 t - a boomerang
 y - 45 bolts
Armour
 v - a +0 helmet (worn)
 x - a +0 leather armour (worn)
Jewellery
 q - an amulet of regeneration (around neck)
 C - a ring of willpower (left hand)
Wands
 g - a wand of digging (6)
 F - a wand of polymorph (15)
Scrolls
 c - 2 scrolls of fog
 d - 3 scrolls of teleportation
 h - a scroll of summoning {unknown}
 p - 2 scrolls of amnesia
 u - 2 scrolls of torment
 z - a scroll of blinking
 A - a scroll of magic mapping
 B - a scroll of fear
 D - a scroll of silence {unknown}
 E - a scroll of vulnerability {unknown}
Potions
 e - a potion of attraction
 i - a potion of berserk rage
 j - 4 potions of curing
 m - a potion of magic
 n - a potion of flight
 o - 2 potions of cancellation
 r - a potion of might
 w - a potion of lignification


   Skills:
 - Level 6.0 Fighting
 - Level 5.8(6.0) Axes
 - Level 2.0(4.1) Polearms
 - Level 2.0 Dodging
 - Level 10.0 Stealth
 + Level 2.8 Spellcasting
 - Level 6.0 Poison Magic


You had 5 spell levels left.
You knew the following spells:

 Your Spells              Type           Power      Damage    Failure   Level
a - Ignite Poison         Fire/Tmut/Pois 5%         N/A       41%         3
b - Olgreb's Toxic Radia  Pois           14%        N/A       28%         4

Your spell library contained the following spells:

 Spells                   Type           Power      Damage    Failure   Level
 Sandblast                Erth           2%         2d4       34%         1
 Mephitic Cloud           Conj/Pois/Air  5%         N/A       41%         3
 Passwall                 Tmut/Erth      0%         N/A       45%         2
 Stone Arrow              Conj/Erth      2%         3d7       71%         3
 Freezing Cloud           Conj/Ice/Air   0%         6-21      100%        5
 Ozocubu's Refrigeration  Ice            0%         4d5       100%        7
 Ignition                 Fire           0%         3d3       100%        8
 Summon Small Mammal      Summ           Unusable   N/A       N/A         1
 Call Canine Familiar     Summ           Unusable   N/A       N/A         3
 Summon Guardian Golem    Hex/Summ       Unusable   N/A       N/A         3

Dungeon Overview and Level Annotations

Branches:
Dungeon (7/15)             Temple (1/1) D:4

Altars:
Ashenzari
Dithmenos
Elyvilon
Gozag
Hepliaklqana
Kikubaaqudgha
Makhleb
Nemelex Xobeh
Okawaru
Qazlal
Ru
Uskayaw
Vehumet
Wu Jian
Xom
Zin
The Shining One

Shops:
D:5 =

Annotations:
D:3 2 runed translucent doors
D:6 exclusion: downstairs


Innate Abilities, Weirdness & Mutations

Your serpentine skin is tough. (AC +2)
You have supernaturally acute eyesight. (SInv)
Armour fits poorly on your strangely shaped body.
Your system is resistant to poisons. (rPois)
You cover ground very slowly.
You can spit poison.
You have a snake-like lower body.


Message History

Press: ? - help, Shift-Dir - straight line, f/p - orc warrior
Aim: an orc warrior, wielding a +0 war axe and wearing a +0 chain mail (60% to hit)
The splash of poison misses the orc warrior.
The orc warrior closely misses you.
Unknown command.
Okay, then.
Aiming: Polymorph
Press: ? - help, Shift-Dir - straight line, f/p - orc warrior
Aim: an orc warrior, wielding a +0 war axe and wearing a +0 chain mail (will become a boggart, a swamp drake, or a wolf, chance to affect: 49%)
Okay, then.
Unknown command.
Press: ? - help, v - describe, . - travel, g - get item
Here: an orc warrior, wielding a +0 war axe and wearing a +0 chain mail Item here: 2 atropa-tipped darts.
The floor, spattered with blood.
Unknown command.
Unknown command.
You slash the orc warrior!
The orc warrior is poisoned.
The orc warrior is moderately wounded.
The orc warrior hits you with a +0 war axe.
Unknown command.
Unknown command.
You hit the orc warrior.
The orc warrior looks as sick as possible!
The orc warrior is moderately wounded.
The orc warrior hits you with a +0 war axe!!
Unknown command.
Unknown command.
You barely miss the orc warrior.
The orc warrior is heavily wounded.
The orc warrior hits you with a +0 war axe!
* * * LOW HITPOINT WARNING * * *
The orc warrior closely misses you.
Unknown command.
Unknown command.
You closely miss the orc warrior.
The orc warrior is heavily wounded.
You have got your breath back.
The orc warrior hits you with a +0 war axe!
You die...

#.###........## #.....#.#.
#.............# #####.#.#.
#.#######.###.#######.#.#.
### #.............#.#.
#.###.#########.#. #.# #.#
#..<.[.. #.#
#.#####.#...##
#†###.............
#@................
#o#####...##...... #.#
#...##...... ###
#...##...... #...##......
#[..##......
######...##......
#.........#######
#.........# #


You could see an orc warrior (extremely poisoned).

Vanquished Creatures
  A steam dragon (D:7)
  Menkaure (D:6)
  An ice beast (D:6)
  A black bear (D:7)
  An ogre (D:5)
  2 necrophages
  A scorpion (D:5)
  A bullfrog (D:6)
  An electric eel (D:7)
  A wight (D:6)
  A howler monkey (D:6)
  3 bullfrog zombies
  A gnoll shaman (D:6)
  3 orc priests
  A hound (D:6)
  A bullfrog skeleton (D:7)
  5 iguanas
  2 orc wizards
  2 hound skeletons
  3 gnolls
  A howler monkey skeleton (D:5)
  4 adders
  A shadow imp (D:7)
  A white imp (D:7)
  An ufetubus (D:7)
  4 dart slugs
  A worm (D:1)
  9 orcs
  4 ball pythons
  5 bats
  6 endoplasms
  15 giant cockroaches
  4 goblins (D:1)
  7 hobgoblins
  7 jackals
  8 kobolds
  5 quokkas
  3 frilled lizards
  3 rats
122 creatures vanquished.

Vanquished Creatures (others)
  15 plants
15 creatures vanquished.

Grand Total: 137 creatures vanquished

Notes
Turn   | Place    | Note
-------+----------+-------------------------------------------
     0 | D:5      | shadowrider38 the Naga Delver began the quest for the Orb.
     0 | D:5      | Reached XP level 1. HP: 21/21 MP: 1/1
    91 | D:5      | Reached skill level 8 in Stealth
    91 | D:5      | Reached XP level 2. HP: 7/28 MP: 2/2
   336 | D:5      | Found Siropliank's Jewellery Shoppe.
   395 | D:4      | HP: 1/28 [hobgoblin (5)]
  1359 | D:5      | Reached XP level 3. HP: 28/36 MP: 3/3
  1612 | D:1      | Reached XP level 4. HP: 44/44 MP: 4/4
  1910 | D:1      | You fall into a shaft and drop 1 floor!
  2162 | D:1      | Found a faded altar of an unknown god.
  2162 | D:1      | Noticed a hellion
  2990 | D:2      | Reached skill level 9 in Stealth
  3989 | D:1      | Reached XP level 5. HP: 47/50 MP: 5/5
  4770 | D:3      | Found a large runed translucent door.
  4771 | D:3      | Found a large runed translucent door.
  4873 | D:2      | Reached skill level 10 in Stealth
  5860 | D:4      | Reached XP level 6. HP: 45/58 MP: 6/6
  5936 | D:4      | Found a staircase to the Ecumenical Temple.
  6275 | Temple   | Entered the Ecumenical Temple
  6346 | Temple   | Became a worshipper of Warmaster Okawaru
  6862 | D:5      | Reached skill level 5 in Fighting
  7446 | D:5      | Noticed a necrophage
  7469 | D:5      | Killed a necrophage
  7470 | D:5      | Reached skill level 1 in Spellcasting
  7470 | D:5      | Reached XP level 7. HP: 46/69 MP: 6/9
  7656 | D:5      | Identified a scroll of acquirement
  7657 | D:5      | Acquired a +3 broad axe of venom
  7666 | D:5      | Learned a level 3 spell: Ignite Poison
  8176 | D:5      | Reached skill level 1 in Poison Magic
  8397 | D:6      | Reached * piety under Okawaru
  8423 | D:6      | Found a radiant altar of Vehumet.
  8423 | D:6      | Found a hazy altar of Hepliaklqana.
  8424 | D:6      | Found a broken altar of Ashenzari.
  8732 | D:6      | Reached XP level 8. HP: 70/76 MP: 11/11
  9563 | D:7      | Reached skill level 5 in Axes
  9598 | D:6      | Reached ** piety under Okawaru
  9857 | D:7      | Reached skill level 5 in Poison Magic
  9858 | D:7      | Noticed a vampire
  9963 | D:7      | Noticed Menkaure
  9979 | D:6      | Killed Menkaure
 10066 | D:6      | Learned a level 4 spell: Olgreb's Toxic Radiance
 10077 | D:6      | Slain by an orc warrior

Illustrated notes

Levels and vault maps discovered:
D:1:      dpeg_arrival_circle_labyrinth_c, layout_basic,
          dreamdust_ecumenical_altar_sealed_demon, minmay_misc_feat_chi
D:2:      minmay_roachtagon, layout_basic, serial_forest,
          infiniplex_forest_clump_small, infiniplex_forest_end_3,
          infiniplex_forest_straight_3, infiniplex_forest_end_2,
          infiniplex_forest_lined_room_3
D:3:      layout_basic, jmf_multi_god_temple2
D:4:      layout_basic, minmay_temple_entry_crystal_x, st_stairs_5
D:5:      layout_basic, minmay_shop_enchanted_jewellery
D:6:      layout_basic, gammafunk_temple_overflow_claw
D:7:      layout_rooms, mainiacjoe_overflow_alcove_4, serial_bayou,
          serial_bayou_pond_b, serial_bayou_crossing, serial_bayou_pond_d,
          serial_bayou_pond_d, uniq_menkaure
Temple:   nicolae_temple_great_sept

Skill      XL: |  1  2  3  4  5  6  7  8 |
---------------+-------------------------+-----
Stealth        | 8 9 10 | 10.0
Fighting       | 4 6 |  6.0
Dodging        | 2 |  2.0
Spellcasting   | 1 2 |  2.8
Poison Magic   | 4 6 |  6.0
Axes           | 3 5 |  5.8
Polearms       | |  2.0

Action                   |  1- 3 |  4- 6 |  7- 9 || total
-------------------------+-------+-------+-------++-------
Melee: Spear             |    59 |   249 |       ||   308
       Punch             |       |     2 |       ||     2
       Short sword       |       |    49 |    14 ||    63
       Broad axe         |       |       |   100 ||   100
 Fire: Hand crossbow     |       |    11 |    18 ||    29
Throw: Dart              |       |     4 |     2 ||     6
       Stone             |       |     1 |       ||     1
       Boomerang         |       |       |     1 ||     1
Invok: Heroism           |       |       |     1 ||     1
 Abil: Spit Poison       |       |    14 |    13 ||    27
  Use: Scroll            |     2 |       |    15 ||    17
       Potion            |       |     1 |       ||     1
 Stab: Sleeping          |     5 |    28 |     1 ||    34
Armor: Leather armour    |    12 |    76 |    35 ||   123
Dodge: Dodged            |    27 |   140 |    75 ||   242

Table legend: (Time is in decaauts)
 A = Elapsed time spent in this place.
 B = Non-inter-level travel time spent in this place.
 C = Inter-level travel time spent in this place.
 D = Time resting spent in this place.
 E = Time spent auto-exploring this place.
 F = Levels seen in this place.
 G = Mean time per level.
                   A        B        C        D        E       F      G
               +--------+--------+--------+--------+--------+-----+--------+
         Total |  12219 |  11154 |   1065 |   3799 |   5082 |   8 | 1527.4 |
       Dungeon |  12105 |  11056 |   1049 |   3799 |   5001 |   7 | 1729.3 |
        Temple |    113 |     97 |     16 |      0 |     81 |   1 |  113.0 |
               +--------+--------+--------+--------+--------+-----+--------+

Top non-repeatable levels by time:
     D:4: 2402 daAuts
     D:1: 2248 daAuts
     D:2: 2072 daAuts
     D:5: 2042 daAuts
     D:6: 1262 daAuts
     D:3: 1193 daAuts
     D:7: 883 daAuts
  Temple: 113 daAuts
